| TOP OF THE 1ST |
|
West Virginia Power batting - Pitching for Peoria Chiefs : RHP Ben Cook
|
|
Pitching: RHP Ben Cook
|
|
|
Batting: LHB Micah Boshnjaku
|
0-0: Ball 1-0: Ground out 5-3 (Groundball, 56, EV 78.8 MPH)
|
|
Batting: RHB Ron Corn
|
0-0: Ball 1-0: Called Strike 1-1: Foul Ball, location: 2F 1-2: Strikes out swinging
|
|
Batting: SHB Francisco Gutierrez
|
0-0: Foul Ball, location: 2F 0-1: Foul Ball, location: 2F 0-2: Ball 1-2: Fly out, F9 (Flyball, 9, EV 81.3 MPH)
|
| Top of the 1st over - 0 runs, 0 hits, 0 errors, 0 left on base; West Virginia 0 - Peoria 0 |
| BOTTOM OF THE 1ST |
|
Peoria Chiefs batting - Pitching for West Virginia Power : RHP Dave Weinraub
|
|
Pitching: RHP Dave Weinraub
|
|
|
Batting: LHB Jay Fenderson
|
0-0: Called Strike 0-1: Ball 1-1: DOUBLE (Line Drive, 78D, EV 106.9 MPH)
|
|
Batting: RHB Melvin Enriquez
|
0-0: Swinging Strike 0-1: Swinging Strike 0-2: Strikes out looking
|
|
Batting: RHB Terry Baginski
|
0-0: Ball 1-0: Ball 2-0: Ball 3-0: Base on Balls
|
|
Batting: RHB Dan Boykins
|
0-0: Fly out, F6 (Popup, 6D, EV 58.8 MPH)
|
|
Batting: RHB Travis Leonard
|
0-0: Swinging Strike 0-1: Ball 1-1: Fly out, F8 (Line Drive, 8LM, EV 88.8 MPH)
|
| Bottom of the 1st over - 0 runs, 1 hit, 0 errors, 2 left on base; West Virginia 0 - Peoria 0 |
| TOP OF THE 2ND |
|
West Virginia Power batting - Pitching for Peoria Chiefs : RHP Ben Cook
|
|
Batting: RHB Tom Primmer
|
0-0: Called Strike 0-1: Swinging Strike 0-2: Ball 1-2: Foul Ball, location: 2F 1-2: DOUBLE (Line Drive, 9LS, EV 100.0 MPH)
|
|
Batting: RHB Jordan Robinson
|
0-0: Called Strike 0-1: Swinging Strike 0-2: Ball 1-2: Ground out 6-3 (Groundball, 6, EV 90.0 MPH)
|
|
Batting: SHB Brad Day
|
0-0: Ball 1-0: Swinging Strike 1-1: Foul Ball, location: 2F 1-2: Foul Ball, location: 2F 1-2: Ball 2-2: Ball 3-2: DOUBLE (Line Drive, 78D, EV 99.4 MPH) Tom Primmer scores
|
|
Batting: RHB Ted Goldblatt
|
0-0: Ball Brad Day steals 3rd base 1-0: Swinging Strike 1-1: Fly out, F9 (Line Drive, 9D, EV 99.4 MPH) Runner from 3rd tags up, SCORES, no throw by RF
|
|
Batting: RHB Pleun Smit
|
0-0: Foul Ball, location: 2F 0-1: Ball 1-1: Ball 2-1: Swinging Strike 2-2: Ground out 6-3 (Groundball, 6, EV 106.3 MPH)
|
| Top of the 2nd over - 2 runs, 2 hits, 0 errors, 0 left on base; West Virginia 2 - Peoria 0 |
| BOTTOM OF THE 2ND |
|
Peoria Chiefs batting - Pitching for West Virginia Power : RHP Dave Weinraub
|
|
Batting: LHB Ken Compton
|
0-0: Ground out 4-3 (Groundball, 4, EV 85.0 MPH)
|
|
Batting: RHB Justin Reich
|
0-0: Called Strike 0-1: Ball 1-1: Swinging Strike 1-2: Foul Ball, location: 2F 1-2: Ball 2-2: Ball 3-2: Foul Ball, location: 2F 3-2: Strikes out swinging
|
|
Batting: RHB Josh Martin
|
0-0: Ball 1-0: Foul Ball, location: 2F 1-1: Ball 2-1: Fly out, F8 (Flyball, 8RD, EV 80.0 MPH)
|
| Bottom of the 2nd over - 0 runs, 0 hits, 0 errors, 0 left on base; West Virginia 2 - Peoria 0 |
| TOP OF THE 3RD |
|
West Virginia Power batting - Pitching for Peoria Chiefs : RHP Ben Cook
|
|
Batting: RHB John Beiswenger
|
0-0: Foul Ball, location: 2F 0-1: Ball 1-1: Ball 2-1: Ball 3-1: Foul Ball, location: 2F 3-2: Foul Ball, location: 2F 3-2: Base on Balls
|
|
Batting: LHB Micah Boshnjaku
|
0-0: Ball 1-0: Swinging Strike 1-1: Ball 2-1: Fielders Choice at 2nd, 4-6 (Groundball, 4, EV 83.8 MPH)
|
|
Batting: RHB Ron Corn
|
0-0: SINGLE (Groundball, 56D, EV 100.6 MPH) Micah Boshnjaku to second
|
|
Batting: SHB Francisco Gutierrez
|
0-0: Called Strike 0-1: SINGLE (Flyball, 34D, EV 97.5 MPH) Micah Boshnjaku to third Ron Corn to second
|
|
Batting: RHB Tom Primmer
|
0-0: Ball 1-0: Foul Ball, location: 2F 1-1: Ball 2-1: Called Strike 2-2: Ball 3-2: Base on Balls Micah Boshnjaku scores Ron Corn to third Francisco Gutierrez to second
|
|
Batting: RHB Jordan Robinson
|
0-0: Called Strike 0-1: Ball 1-1: Reached on error, E5 (Groundball, 56, EV 98.8 MPH) Ron Corn scores Francisco Gutierrez to third Tom Primmer to second
|
|
Batting: SHB Brad Day
|
0-0: Fly out, F8 (Flyball, 8LM, EV 85.6 MPH) Runner from 3rd tags up, SCORES, throw by CF Tom Primmer to third
|
|
Batting: RHB Ted Goldblatt
|
0-0: Ball 1-0: Called Strike Jordan Robinson steals 2nd base 1-1: Ball 2-1: Called Strike 2-2: Foul Ball, location: 2F 2-2: Ball 3-2: Ground out 6-3 (Groundball, 6, EV 78.8 MPH)
|
| Top of the 3rd over - 3 runs, 2 hits, 1 error, 2 left on base; West Virginia 5 - Peoria 0 |
| BOTTOM OF THE 3RD |
|
Peoria Chiefs batting - Pitching for West Virginia Power : RHP Dave Weinraub
|
|
Batting: SHB Josh Conner
|
0-0: Called Strike 0-1: Ball 1-1: Ball 2-1: Ball 3-1: Base on Balls
|
|
Batting: LHB Jay Fenderson
|
0-0: Called Strike 0-1: Foul Ball, location: 2F 0-2: Ball 1-2: Strikes out swinging
|
|
Batting: RHB Melvin Enriquez
|
0-0: Ball 1-0: Ball 2-0: Called Strike 2-1: Ball 3-1: Foul Ball, location: 2F 3-2: Fly out, F4 (Line Drive, 4, EV 64.4 MPH)
|
|
Batting: RHB Terry Baginski
|
0-0: Ball 1-0: Ball 2-0: Called Strike 2-1: Ball 3-1: Base on Balls Josh Conner to second
|
|
Batting: RHB Dan Boykins
|
0-0: Called Strike 0-1: Swinging Strike 0-2: Strikes out swinging
|
| Bottom of the 3rd over - 0 runs, 0 hits, 0 errors, 2 left on base; West Virginia 5 - Peoria 0 |
| TOP OF THE 4TH |
|
West Virginia Power batting - Pitching for Peoria Chiefs : RHP Ben Cook
|
|
Batting: RHB Pleun Smit
|
0-0: Ball 1-0: Foul Ball, location: 2F 1-1: Foul Ball, location: 2F 1-2: Foul Ball, location: 2F 1-2: Ball 2-2: Ball 3-2: Base on Balls
|
|
Pitching: LHP Luis Herrera
|
|
|
Batting: RHB John Beiswenger
|
0-0: Called Strike 0-1: Ball 1-1: Ball 2-1: Foul Ball, location: 2F 2-2: Strikes out swinging
|
|
Batting: LHB Micah Boshnjaku
|
0-0: Ball 1-0: Ball 2-0: Called Strike 2-1: Foul Ball, location: 2F 2-2: Ball 3-2: Foul Ball, location: 2F 3-2: SINGLE (Line Drive, 89S, EV 89.4 MPH) Pleun Smit to second Pleun Smit to third
|
|
Batting: RHB Ron Corn
|
0-0: Called Strike Micah Boshnjaku steals 2nd base 0-1: Ball 1-1: DOUBLE (Line Drive, 3D, EV 97.5 MPH) Pleun Smit scores Micah Boshnjaku scores
|
|
Batting: SHB Francisco Gutierrez
|
0-0: Ball 1-0: Foul Ball, location: 2F 1-1: Swinging Strike 1-2: Foul Ball, location: 2F 1-2: Ground out U3 (Groundball, 3, EV 101.3 MPH) Ron Corn to third
|
|
Batting: RHB Tom Primmer
|
0-0: Called Strike 0-1: Ball 1-1: Ball 2-1: Ground out U3 (Groundball, 3, EV 81.9 MPH)
|
| Top of the 4th over - 2 runs, 2 hits, 0 errors, 1 left on base; West Virginia 7 - Peoria 0 |
| BOTTOM OF THE 4TH |
|
Peoria Chiefs batting - Pitching for West Virginia Power : RHP Dave Weinraub
|
|
Batting: RHB Travis Leonard
|
0-0: Ball 1-0: Ball 2-0: SINGLE (Groundball, 4MD, EV 96.3 MPH)
|
|
Batting: LHB Ken Compton
|
0-0: Foul Ball, location: 2F 0-1: Fly out, F7 (Flyball, 7, EV 91.9 MPH)
|
|
Batting: RHB Justin Reich
|
0-0: Called Strike 0-1: Ball Travis Leonard steals 2nd base 1-1: Foul Ball, location: 2F 1-2: Ball 2-2: Ball 3-2: Fly out, F9 (Flyball, 9D, EV 84.4 MPH) Runner from 2nd tags up, SAFE at 3rd, no throw by RF
|
|
Batting: RHB Josh Martin
|
0-0: Ball 1-0: Ball 2-0: Called Strike 2-1: Called Strike 2-2: Strikes out looking
|
| Bottom of the 4th over - 0 runs, 1 hit, 0 errors, 1 left on base; West Virginia 7 - Peoria 0 |
| TOP OF THE 5TH |
|
West Virginia Power batting - Pitching for Peoria Chiefs : LHP Luis Herrera
|
|
Batting: RHB Jordan Robinson
|
0-0: Called Strike 0-1: DOUBLE (Flyball, 78XD, EV 113.1 MPH)
|
|
Batting: SHB Brad Day
|
0-0: Called Strike 0-1: Called Strike 0-2: Ball 1-2: Ball 2-2: Ball 3-2: Fly out, F5 (Popup, 25, EV 80.6 MPH)
|
|
Batting: RHB Ted Goldblatt
|
0-0: Ball Jordan Robinson steals 3rd base 1-0: Ball 2-0: Called Strike 2-1: Fly out, F3 (Line Drive, 3, EV 67.5 MPH)
|
|
Batting: RHB Pleun Smit
|
0-0: Foul Ball, location: 2F 0-1: Ball 1-1: Ball 2-1: Foul Ball, location: 2F 2-2: Ball 3-2: Foul Ball, location: 2F 3-2: SINGLE (Groundball, 6S, EV 71.9 MPH) (infield hit) Jordan Robinson scores
|
|
Pitching: RHP Daniel Escalante
|
|
|
Batting: RHB John Beiswenger
|
0-0: Ball Pleun Smit steals 2nd base (no throw) 1-0: Ball 2-0: Foul Ball, location: 2F 2-1: Ball 3-1: Ground out 5-3 (Groundball, 56, EV 80.6 MPH)
|
| Top of the 5th over - 1 run, 2 hits, 0 errors, 1 left on base; West Virginia 8 - Peoria 0 |
| BOTTOM OF THE 5TH |
|
Peoria Chiefs batting - Pitching for West Virginia Power : RHP Dave Weinraub
|
|
Batting: SHB Josh Conner
|
0-0: Swinging Strike 0-1: Ball 1-1: Ground out 6-3 (Groundball, 6, EV 87.5 MPH)
|
|
Batting: LHB Jay Fenderson
|
0-0: Called Strike 0-1: Ball 1-1: SINGLE (Flyball, 5D, EV 88.1 MPH)
|
|
Batting: RHB Melvin Enriquez
|
0-0: Ball Jay Fenderson is caught stealing 2nd base 2-4 1-0: Ball 2-0: Called Strike 2-1: Called Strike 2-2: Ball 3-2: Base on Balls
|
|
Pitching: RHP Bobby Detmer
|
|
|
Batting: RHB Terry Baginski
|
0-0: Swinging Strike 0-1: Ball 1-1: Ball 2-1: Swinging Strike 2-2: Ball 3-2: Foul Ball, location: 2F 3-2: Fly out, F3 (Flyball, 3D, EV 85.6 MPH)
|
| Bottom of the 5th over - 0 runs, 1 hit, 0 errors, 1 left on base; West Virginia 8 - Peoria 0 |
| TOP OF THE 6TH |
|
West Virginia Power batting - Pitching for Peoria Chiefs : RHP Daniel Escalante
|
|
Batting: LHB Micah Boshnjaku
|
0-0: Called Strike 0-1: Called Strike 0-2: Foul Ball, location: 2F 0-2: Ball 1-2: Ball 2-2: Foul Ball, location: 2F 2-2: Ball 3-2: SINGLE (Groundball, 4MD, EV 100.6 MPH)
|
|
Batting: RHB Ron Corn
|
0-0: Ball Micah Boshnjaku steals 2nd base 1-0: Called Strike 1-1: Ball 2-1: Foul Ball, location: 2F 2-2: Fly out, F7 (Flyball, 7S, EV 86.3 MPH)
|
|
Batting: SHB Francisco Gutierrez
|
0-0: Ball 1-0: SINGLE (Groundball, 4D, EV 98.1 MPH) Micah Boshnjaku to third Runner from 3rd tries for Home, SAFE, throw by CF to home
|
|
Batting: RHB Tom Primmer
|
0-0: Ball 1-0: Ball 2-0: Called Strike 2-1: Foul Ball, location: 2F 2-2: Ball 3-2: Strikes out swinging
|
|
Batting: RHB Jordan Robinson
|
0-0: Foul Ball, location: 2F 0-1: Ball 1-1: Ball 2-1: Ball 3-1: Base on Balls Francisco Gutierrez to second
|
|
Batting: SHB Brad Day
|
0-0: Ball 1-0: Called Strike 1-1: Ball 2-1: Ground out U3 (Groundball, 3L, EV 101.3 MPH)
|
| Top of the 6th over - 1 run, 2 hits, 0 errors, 2 left on base; West Virginia 9 - Peoria 0 |
| BOTTOM OF THE 6TH |
|
Peoria Chiefs batting - Pitching for West Virginia Power : RHP Bobby Detmer
|
|
Batting: RHB Dan Boykins
|
0-0: Ball 1-0: Called Strike 1-1: Called Strike 1-2: Fly out, F8 (Line Drive, 8RM, EV 88.8 MPH)
|
|
Batting: RHB Travis Leonard
|
0-0: Called Strike 0-1: Fly out, F8 (Flyball, 8LM, EV 91.3 MPH)
|
|
Batting: LHB Ken Compton
|
0-0: Called Strike 0-1: Swinging Strike 0-2: Foul Ball, location: 2F 0-2: Strikes out looking
|
| Bottom of the 6th over - 0 runs, 0 hits, 0 errors, 0 left on base; West Virginia 9 - Peoria 0 |
| TOP OF THE 7TH |
|
West Virginia Power batting - Pitching for Peoria Chiefs : RHP Daniel Escalante
|
|
Pitching: RHP Cory Falcon
|
|
|
Batting: RHB Ted Goldblatt
|
0-0: Swinging Strike 0-1: Foul Ball, location: 2F 0-2: Strikes out swinging
|
|
Batting: RHB Pleun Smit
|
0-0: Ground out 6-3 (Groundball, 4M, EV 81.3 MPH)
|
|
Batting: RHB John Beiswenger
|
0-0: Swinging Strike 0-1: Ball 1-1: Ball 2-1: Ball 3-1: Foul Ball, location: 2F 3-2: Foul Ball, location: 2F 3-2: Base on Balls
|
|
Batting: LHB Micah Boshnjaku
|
0-0: Called Strike 0-1: Ball 1-1: Foul Ball, location: 2F 1-2: Strikes out swinging
|
| Top of the 7th over - 0 runs, 0 hits, 0 errors, 1 left on base; West Virginia 9 - Peoria 0 |
| BOTTOM OF THE 7TH |
|
Peoria Chiefs batting - Pitching for West Virginia Power : RHP Bobby Detmer
|
|
Batting: RHB Justin Reich
|
0-0: Ball 1-0: Foul Ball, location: 2F 1-1: Ball 2-1: Foul Ball, location: 2F 2-2: Strikes out looking
|
|
Batting: RHB Josh Martin
|
0-0: Ball 1-0: Ground out 4-3 (Groundball, 4, EV 84.4 MPH)
|
|
Batting: SHB Josh Conner
|
0-0: Fly out, F5 (Popup, 5SF, EV 75.6 MPH)
|
| Bottom of the 7th over - 0 runs, 0 hits, 0 errors, 0 left on base; West Virginia 9 - Peoria 0 |
| TOP OF THE 8TH |
|
West Virginia Power batting - Pitching for Peoria Chiefs : RHP Cory Falcon
|
|
Batting: RHB Ron Corn
|
0-0: Called Strike 0-1: Ball 1-1: Foul Ball, location: 2F 1-2: Strikes out swinging
|
|
Batting: SHB Francisco Gutierrez
|
0-0: Foul Ball, location: 2F 0-1: Ball 1-1: Fly out, F5 (Flyball, 5D, EV 88.8 MPH)
|
|
Batting: RHB Tom Primmer
|
0-0: SINGLE (Groundball, 3D, EV 97.5 MPH)
|
|
Batting: RHB Jordan Robinson
|
0-0: Called Strike 0-1: Ball 1-1: Called Strike 1-2: Ball 2-2: Strikes out swinging
|
| Top of the 8th over - 0 runs, 1 hit, 0 errors, 1 left on base; West Virginia 9 - Peoria 0 |
| BOTTOM OF THE 8TH |
|
Peoria Chiefs batting - Pitching for West Virginia Power : RHP Bobby Detmer
|
|
Batting: LHB Jay Fenderson
|
0-0: Ball 1-0: Foul Ball, location: 2F 1-1: Ball 2-1: Foul Ball, location: 2F 2-2: Ball 3-2: Foul Ball, location: 2F 3-2: Base on Balls
|
|
Batting: RHB Melvin Enriquez
|
0-0: Foul Ball, location: 2F 0-1: Hit by Pitch Jay Fenderson to second
|
|
Batting: RHB Terry Baginski
|
0-0: Ball 1-0: Swinging Strike 1-1: Foul Ball, location: 2F 1-2: Fly out, F9 (Flyball, 9S, EV 85.6 MPH)
|
|
Pitching: RHP Mike Rosen
|
|
|
Batting: RHB Dan Boykins
|
0-0: Called Strike 0-1: Ball 1-1: Ball 2-1: Foul Ball, location: 2F 2-2: SINGLE (Groundball, 34D, EV 103.1 MPH) Jay Fenderson to third Melvin Enriquez to second Runner from 3rd tries for Home, SAFE, throw by RF to home
|
|
Batting: RHB Travis Leonard
|
0-0: Swinging Strike 0-1: Ball 1-1: SINGLE (Flyball, 8LM, EV 97.5 MPH) Melvin Enriquez to third Dan Boykins to second
|
|
Batting: LHB Ken Compton
|
0-0: Ball 1-0: Fielders Choice at 2nd, 4-6 (Groundball, 4, EV 78.8 MPH) Melvin Enriquez scores Dan Boykins to third
|
|
Batting: RHB Justin Reich
|
0-0: Ball Wild Pitch! Dan Boykins scores Ken Compton to second 1-0: Ball 2-0: Ball 3-0: Base on Balls
|
|
Batting: RHB Josh Martin
|
0-0: Ball 1-0: Ball 2-0: Called Strike 2-1: Foul Ball, location: 2F 2-2: Ball 3-2: Foul Ball, location: 2F 3-2: Strikes out looking
|
| Bottom of the 8th over - 3 runs, 2 hits, 0 errors, 2 left on base; West Virginia 9 - Peoria 3 |
| TOP OF THE 9TH |
|
West Virginia Power batting - Pitching for Peoria Chiefs : RHP Cory Falcon
|
|
Pitching: RHP El-Shamy Saami
|
|
|
Batting: SHB Brad Day
|
0-0: Foul Ball, location: 2F 0-1: Foul Ball, location: 2F 0-2: Ball 1-2: Ground out U3 (Groundball, 13, EV 91.9 MPH)
|
|
Batting: RHB Ted Goldblatt
|
0-0: Ball 1-0: Called Strike 1-1: Ground out U3 (Groundball, 34, EV 88.1 MPH)
|
|
Batting: RHB Pleun Smit
|
0-0: Called Strike 0-1: Ball 1-1: Foul Ball, location: 2F 1-2: Ground out 1-3 (Groundball, 15S, EV 68.8 MPH)
|
| Top of the 9th over - 0 runs, 0 hits, 0 errors, 0 left on base; West Virginia 9 - Peoria 3 |
| BOTTOM OF THE 9TH |
|
Peoria Chiefs batting - Pitching for West Virginia Power : RHP Mike Rosen
|
|
Batting: SHB Josh Conner
|
0-0: Swinging Strike 0-1: Swinging Strike 0-2: Ball 1-2: SINGLE (Line Drive, 8LS, EV 104.4 MPH)
|
|
Batting: LHB Jay Fenderson
|
0-0: Fielders Choice at 2nd, 6-4 (Groundball, 6, EV 82.5 MPH)
|
|
Batting: RHB Melvin Enriquez
|
0-0: Foul Ball, location: 2F 0-1: Swinging Strike 0-2: Ball 1-2: Grounds into double play, 5-4-3 (Groundball, 56S, EV 88.8 MPH)
|
| Bottom of the 9th over - 0 runs, 1 hit, 0 errors, 0 left on base; West Virginia 9 - Peoria 3 |
|